 Dungeon Crawl Stone Soup version 0.29.1-14-g9c671dbff4 (webtiles) character file.

Game seed: 3968589128542026740

31183 boopmooplesden the Fencer (level 13, -3/122 HPs)
             Began as a Minotaur Fighter on Feb 16, 2023.
             Was the Champion of Okawaru.
             Slain by a death yak (7 damage)
             ... on level 4 of the Lair of Beasts.
             The game lasted 00:21:13 (16900 turns).

boopmooplesden the Fencer (Minotaur Fighter)       Turns: 16900, Time: 00:21:15

Health: -3/122     AC: 24    Str: 28    XL:     13   Next: 24%
Magic:  12/12      EV: 15    Int: 14    God:    Okawaru [******]
Gold:   743        SH: 13    Dex: 14    Spells: 12/12 levels left

rFire   + . .      SeeInvis .   O - +4 demon blade of Ugunaefy {freeze, *Slow rN++ Int+6}
rCold   + + +      Faith    .   c - +1 buckler
rNeg    + + .      Spirit   .   d - +4 chain mail of Serendipity {Drain rC+++ rCorr Stlth+}
rPois   +          Reflect  +   Q - +0 hat "Ceun" {rPois rF+ Int+3}
rElec   .          Harm     .   j - +2 cloak
rCorr   +          Rampage  .   u - +0 pair of gloves
Will    .....                   s - +2 pair of boots
Stlth   ..........              f - amulet of reflection
HPRegen 0.30/turn               g - +6 ring of strength
MPRegen 0.13/turn               B - +4 ring of evasion

@: studying Stealth
A: horns 2, retaliatory headbutt
a: Renounce Religion, Heroism, Finesse, Duel


You were on level 4 of the Lair of Beasts.
You worshipped Okawaru.
Okawaru was exalted by your worship.
You visited 2 branches of the dungeon, and saw 16 of its levels.
You also visited: Sewer.

You collected 743 gold pieces.

Inventory:

Hand Weapons
 a - a +0 long sword
 w - a +1 scimitar of venom
 x - a +1 hammer of venom
 L - a +3 great sword
 O - the +4 demon blade of Ugunaefy (weapon) {freeze, *Slow rN++ Int+6}
   (Okawaru gifted it to you on level 9 of the Dungeon)

   It freezes those it strikes, dealing additional cold damage.
   It can also slow down cold-blooded creatures.
   Int:       It affects your intelligence (+6).
   rN:        It greatly protects you from negative energy.
   *Slow:     It may slow you when you take damage.
 V - the +7 spear of the Morning {flame, *Noise rElec rC+++ rCorr}
   (You found it on level 1 of the Lair of Beasts)

   It burns those it strikes, dealing additional fire damage.
   rC:        It renders you almost immune to cold.
   rElec:     It insulates you from electricity.
   *Noise:    It may make noises in combat.
   rCorr:     It protects you from acid and corrosion.
Missiles
 m - a javelin
 z - 2 throwing nets (quivered)
 M - a boomerang of dispersal
 X - 2 silver javelins
Armour
 b - a +0 scale mail
 c - a +1 buckler (worn)
 d - the +4 chain mail of Serendipity (worn) {Drain rC+++ rCorr Stlth+}
   (Okawaru gifted it to you on level 3 of the Lair of Beasts)

   rC:        It renders you almost immune to cold.
   rCorr:     It protects you from acid and corrosion.
   Drain:     It drains your maximum health when unequipped.
   Stlth:     It makes you more stealthy.
 j - a +2 cloak (worn)
 s - a +2 pair of boots (worn)
 u - a +0 pair of gloves (worn)
 y - a +0 cloak
 Q - the +0 hat "Ceun" (worn) {rPois rF+ Int+3}
   (Okawaru gifted it to you on level 10 of the Dungeon)

   Int:       It affects your intelligence (+3).
   rF:        It protects you from fire.
   rPois:     It protects you from poison.
Jewellery
 f - an amulet of reflection (around neck)
 g - a +6 ring of strength (left hand)
 o - a ring of willpower
 B - a +4 ring of evasion (right hand)
 C - an amulet of magic regeneration
 J - a ring of protection from fire
 W - an amulet of guardian spirit
 Z - a ring of poison resistance
Wands
 h - a wand of mindburst (2)
 t - a wand of paralysis (22)
 A - a wand of roots (23)
 D - a wand of polymorph (18)
 N - a wand of digging (1)
 P - a wand of flame (14)
Scrolls
 e - 5 scrolls of teleportation
 i - a scroll of fear
 E - 5 scrolls of blinking
 H - a scroll of enchant weapon
 K - 2 scrolls of fog
 Y - a scroll of poison
Potions
 k - 4 potions of heal wounds
 l - a potion of ambrosia
 n - a potion of invisibility
 p - 5 potions of curing
 q - 2 potions of resistance
 r - a potion of brilliance {unknown}
 v - a potion of might
 F - a potion of flight
 G - 2 potions of haste
 I - a potion of berserk rage
 S - 2 potions of lignification
Miscellaneous
 R - a piece from Xom's chessboard (15/15)
 T - a condenser vane


   Skills:
 + Level 13.3 Fighting
 + Level 16.0 Long Blades
 + Level 10.7 Armour
 + Level 7.1 Dodging
 + Level 3.6 Stealth
 + Level 12.6 Shields
 + Level 0.4 Invocations


You had 12 spell levels left.
You didn't know any spells.
Your spell library contained the following spells:

 Spells                   Type           Power      Damage    Failure   Level
 Sting                    Tmut/Pois      0%         1d3       80%         1
 Blink                    Tloc           0%         N/A       91%         2
 Ensorcelled Hibernation  Hex/Ice        0%         N/A       91%         2
 Passwall                 Tmut/Erth      0%         N/A       91%         2
 Poisonous Vapours        Pois/Air       0%         N/A       91%         2
 Lesser Beckoning         Tloc           0%         N/A       99%         3
 Swiftness                Air            0%         N/A       99%         3
 Olgreb's Toxic Radiance  Pois           0%         N/A       100%        4
 Manifold Assault         Tloc           0%         N/A       100%        5


Dungeon Overview and Level Annotations

Branches:
Dungeon (12/15)            Temple (0/1) D:6            Lair (4/5) D:8
 Shoals (0/4) Lair:3       Spider (0/4) Lair:3        Slime (0/5) Lair:4
    Orc (0/2) D:12          Sewer (visited)

Altars:
Ashenzari
Okawaru
Qazlal
Sif Muna
Trog

Shops:
D:7 (   D:10 =


Innate Abilities, Weirdness & Mutations

You have a pair of horns on your head.
You reflexively headbutt those who attack you in melee.


Message History

You slash the death yak! You freeze the death yak.
The death yak is moderately wounded.
The death yak gores you!! The rime drake breathes ice at you.
The flash freeze misses you.
You hit the death yak but do no damage.
The death yak is moderately wounded.
The death yak gores you. x2
You hit the death yak but do no damage.
The death yak is moderately wounded.
You hear the slow rumble of an avalanche of rocks.
You slash the death yak! You freeze the death yak.
The death yak is heavily wounded.
The death yak gores you.
* * * LOW HITPOINT WARNING * * *
The death yak misses you. You block the death yak's attack.
You hit the death yak. You freeze the death yak. You headbutt the death yak.
The death yak is heavily wounded.
You hit the death yak but do no damage. Your headbutt misses the death yak.
The death yak is heavily wounded.
You block the death yak's attack. The death yak barely misses you.
You furiously retaliate!
You headbutt the death yak, but do no damage.
The death yak gores you but does no damage.
You hit the death yak. You freeze the death yak. You headbutt the death yak.
The death yak is severely wounded.
You block the death yak's attack.
The death yak gores you but does no damage.
The death yak gores you!
* * * LOW HITPOINT WARNING * * *
You hit the death yak. You freeze the death yak.
The death yak is severely wounded.
You hit the death yak but do no damage.
You headbutt the death yak, but do no damage.
The death yak is severely wounded.
The death yak gores you but does no damage.
The death yak gores you!
* * * LOW HITPOINT WARNING * * *
The death yak gores you!
You die...

.. ## #.. ##. #... #..
##..... P.###.. .......
#.....#.........##..#....
...............Y@YF......
...F...###....##Y#k......
......##.....##hk.......
##....##.....#..#.##..#
#.....................#.
#.........>.............
#.......................
###......#...###.†.......
8.##....##....##.........


You could see 3 death yaks, a polar bear, 2 rime drakes and a bullfrog.

Vanquished Creatures
  Fannar (D:10)
  2 hydras
  2 boulder beetles
  2 two-headed ogres
  A death yak (Lair:4)
  A wizard (D:11)
  A wolf spider (Lair:3)
  A cyclops (D:12)
  2 manticores
  3 elephants (Lair:3)
  2 black mambas
  Maurice (D:10)
  A torpor snail (Lair:2)
  An unseen horror zombie (D:9)
  7 cane toads
  3 rime drakes
  5 komodo dragons
  A kobold demonologist (D:12)
  2 trolls
  A hornet (D:11)
  A polar bear (Lair:3)
  2 slime creatures (Lair:4)
  5 blink frogs (Lair:3)
  A jumping spider (Lair:3)
  7 dream sheep
  A vampire (D:10)
  A shadow (D:10)
  2 wyverns
  27 yaks
  2 basilisks (Lair:2)
  A culicivora (Lair:3)
  2 wraiths
  A steam dragon (D:7)
  3 vampire mosquitoes (D:10)
  Eustachio (D:5)
  A redback (Lair:3)
  Menkaure (D:6)
  15 water moccasins
  An orc warrior (D:6)
  5 ice beasts
  6 black bears
  5 centaurs
  4 ogres
  3 wolves (Lair:2)
  2 phantoms (D:5)
  2 kobold brigands
  15 bullfrogs
  A gnoll sergeant (D:5)
  A necrophage (D:8)
  6 scorpions
  22 wights
  3 howler monkeys (D:7)
  2 gnoll boudas
  3 jellies
  4 orc priests
  Crazy Yiuf (D:3)
  5 hounds
  7 iguanas
  12 orc wizards
  A howler monkey zombie (D:9)
  25 gnolls
  15 adders
  A shadow imp (D:6)
  A white imp (D:5)
  2 ufetubi (D:5)
  2 worms
  4 dart slugs
  20 orcs
  3 endoplasms
  12 giant cockroaches
  7 goblins
  6 hobgoblins
  2 jackals (D:4)
  14 kobolds
  14 quokkas
  13 ball pythons
  5 bats
  8 frilled lizards
  7 rats
386 creatures vanquished.

Vanquished Creatures (others)
  A kobold (D:3)
  35 fungi
  47 plants
83 creatures vanquished.

Grand Total: 469 creatures vanquished

Notes
Turn   | Place    | Note
-------+----------+-------------------------------------------
     0 | D:1      | boopmooplesden the Minotaur Fighter began the quest for the
                  | Orb.
     0 | D:1      | Reached XP level 1. HP: 19/19 MP: 0/0
   283 | D:1      | Reached XP level 2. HP: 27/27 MP: 1/1
   365 | D:1      | Reached skill level 3 in Long Blades
  1127 | D:2      | Reached XP level 3. HP: 33/33 MP: 2/2
  1177 | D:2      | Found a faded altar of an unknown god.
  2238 | D:3      | Reached XP level 4. HP: 40/40 MP: 3/3
  2307 | D:3      | Reached skill level 4 in Long Blades
  2801 | D:3      | Found a runed translucent door.
  2802 | D:3      | Noticed Crazy Yiuf
  2807 | D:3      | Killed Crazy Yiuf
  2957 | D:3      | Reached XP level 5. HP: 43/46 MP: 4/4
  2970 | D:3      | Reached skill level 1 in Dodging
  3285 | D:4      | Found a shimmering blue altar of Sif Muna.
  3286 | D:4      | Found an iron altar of Okawaru.
  3304 | D:4      | Became a worshipper of Warmaster Okawaru
  3309 | D:4      | Reached skill level 5 in Shields
  3549 | D:4      | Reached skill level 5 in Armour
  3615 | D:4      | Noticed an ogre
  3619 | D:4      | Killed an ogre
  3619 | D:4      | Reached * piety under Okawaru
  3620 | D:4      | Reached skill level 5 in Long Blades
  3620 | D:4      | Reached XP level 6. HP: 52/52 MP: 5/5
  3905 | D:4      | Reached skill level 6 in Long Blades
  3905 | D:4      | Reached XP level 7. HP: 60/60 MP: 6/6
  4178 | D:4      | Found a bloodstained altar of Trog.
  4526 | D:5      | Entered Level 5 of the Dungeon
  4700 | D:5      | Reached skill level 7 in Long Blades
  4881 | D:5      | Reached ** piety under Okawaru
  4882 | D:5      | Reached XP level 8. HP: 67/67 MP: 7/7
  5020 | D:5      | Reached skill level 5 in Fighting
  5020 | D:5      | Reached skill level 8 in Long Blades
  5253 | D:5      | Noticed Eustachio
  5266 | D:5      | Killed Eustachio
  5441 | D:6      | Reached skill level 9 in Long Blades
  5441 | D:6      | Reached skill level 1 in Stealth
  5502 | D:6      | Found a glowing drain.
  5506 | Sewer    | Entered a sewer
  5982 | D:6      | Noticed Menkaure
  5995 | D:6      | Killed Menkaure
  5996 | D:6      | Reached XP level 9. HP: 75/75 MP: 8/8
  6297 | D:6      | Reached skill level 10 in Long Blades
  6302 | D:6      | Reached *** piety under Okawaru
  6780 | D:6      | Found a staircase to the Ecumenical Temple.
  7092 | D:7      | Found a broken altar of Ashenzari.
  7356 | D:7      | Reached skill level 11 in Long Blades
  7505 | D:7      | Reached **** piety under Okawaru
  7636 | D:7      | Found Mibodoe's Firing Range.
  7815 | D:7      | Reached XP level 10. HP: 86/86 MP: 9/9
  8510 | D:8      | Reached skill level 12 in Long Blades
  8512 | D:8      | Received a gift from Okawaru
  8632 | D:8      | Found a staircase to the Lair.
  8850 | D:8      | You fall into a shaft and drop 2 floors!
  8850 | D:10     | Entered Level 10 of the Dungeon
  8850 | D:10     | Found a stormy altar of Qazlal.
  9165 | D:9      | Reached ***** piety under Okawaru
  9173 | D:9      | Identified the +4 demon blade of Ugunaefy {freeze, *Slow
                  | rN++ Int+6} (Okawaru gifted it to you on level 9 of the
                  | Dungeon)
  9173 | D:9      | Received a gift from Okawaru
  9415 | D:9      | Reached skill level 5 in Dodging
  9502 | D:9      | Reached skill level 13 in Long Blades
  9721 | D:9      | Reached XP level 11. HP: 97/97 MP: 10/10
 10192 | D:8      | Noticed a two-headed ogre
 10202 | D:8      | Killed a two-headed ogre
 10520 | D:10     | Noticed Fannar
 10520 | D:10     | Found Vupiluvu's Jewellery Shoppe.
 10543 | D:10     | Killed Fannar
 10728 | D:10     | Noticed Maurice
 10738 | D:10     | Reached skill level 10 in Shields
 10741 | D:10     | Identified the +0 hat "Ceun" {rPois rF+ Int+3} (Okawaru
                  | gifted it to you on level 10 of the Dungeon)
 10741 | D:10     | Received a gift from Okawaru
 10772 | D:10     | Killed Maurice
 11157 | D:10     | Noticed a two-headed ogre
 11166 | D:10     | Killed a two-headed ogre
 11476 | D:10     | Reached skill level 14 in Long Blades
 11611 | D:11     | Reached skill level 10 in Fighting
 11889 | D:11     | Noticed a wizard
 11898 | D:11     | Killed a wizard
 11907 | D:11     | Noticed a boulder beetle
 11917 | D:11     | Killed a boulder beetle
 12679 | D:12     | Found a staircase to the Orcish Mines.
 12684 | D:12     | Noticed an eight-headed hydra
 12696 | D:12     | Killed a 13-headed hydra
 12697 | D:12     | Reached XP level 12. HP: 54/108 MP: 8/11
 12936 | D:12     | Found a bloodstained altar of Trog.
 13207 | Lair:1   | Entered Level 1 of the Lair of Beasts
 13282 | Lair:1   | Identified the +7 spear of the Morning {flame, *Noise rElec
                  | rC+++ rCorr}
 13371 | Lair:1   | Reached skill level 15 in Long Blades
 13549 | Lair:1   | Received a gift from Okawaru
 13620 | Lair:1   | Found a shimmering blue altar of Sif Muna.
 14272 | Lair:2   | Identified the +0 helmet of Vatzudwu {rCorr Str+4}
 14589 | Lair:2   | Reached skill level 10 in Armour
 14871 | Lair:3   | Noticed a five-headed hydra
 14903 | Lair:3   | Killed a 13-headed hydra
 15230 | Lair:3   | Identified the +4 chain mail of Serendipity {Drain rC+++
                  | rCorr Stlth+} (Okawaru gifted it to you on level 3 of the
                  | Lair of Beasts)
 15230 | Lair:3   | Received a gift from Okawaru
 15437 | Lair:3   | Found a bloodstained altar of Trog.
 15920 | Lair:3   | Reached XP level 13. HP: 119/119 MP: 12/12
 15945 | Lair:3   | Reached ****** piety under Okawaru
 15965 | Lair:3   | Found a staircase to the Shoals.
 16345 | Lair:3   | Found a hole to the Spider Nest.
 16837 | Lair:4   | Found a staircase to the Slime Pits.
 16882 | Lair:4   | Reached skill level 16 in Long Blades
 16900 | Lair:4   | HP: 4/122 [death yak (16)]
 16900 | Lair:4   | Slain by a death yak

Illustrated notes

Levels and vault maps discovered:
D:1:      onia_arrival_mini_maze, layout_basic
D:2:      layout_basic, dreamdust_ecumenical_altar_statues
D:3:      layout_basic, grunt_decor_mini_mirrors, uniq_crazy_yiuf_cottage
D:4:      layout_gridville, nicolae_overflow_squiral,
          mainiacjoe_overflow_alcove_2, minmay_misc_feat_chi
D:5:      layout_loops_ring, uniq_eustachio
D:6:      layout_basic, temple_hall, gup_sewer_entry_spiral,
          minmay_misc_feat_square, uniq_menkaure
D:7:      layout_loops_ring, mainiacjoe_overflow_tiny_flanked,
          grunt_ministairs_2, nicolae_shop_firing_range
D:8:      layout_cave_pods, due_lair_maze_entry_diamond, serial_park,
          serial_park_avenue1, serial_park_gazebo [serial_park_minivault_5x5_8]
D:9:      layout_gridville, serial_undead, serial_undead_b, serial_undead_c,
          serial_undead_a, serial_undead_c
D:10:     layout_cave_pools, nicolae_qazlal_general_emergency, serial_shops,
          nicolae_stop_n_shop_2, onia_ninara_dug_in_and_dangerous, uniq_maurice,
          uniq_fannar
D:11:     layout_small_grid
D:12:     layout_irregular_city, orc_0_dummy, trog_three_pillars_becter
Lair:1:   layout_misc_corridors, basic_altar, serial_bayou_shore_b
Lair:2:   layout_regular_city, nicolae_quartered_pool_super
Lair:3:   layout_chaotic_city, minmay_shoals_entry_centaurs,
          spider_nest_entry_funnel_web, basic_altar
Lair:4:   layout_gridlike, minmay_slime_entry_pillars, enter_volcano_4,
          grunt_forest_small_clearings, minmay_lair_drake_nest,
          grunt_megastairs_1

Skill      XL: |  1  2  3  4  5  6  7  8  9 10 11 12 13 |
---------------+----------------------------------------+-----
Long Blades    | 3 4 5 6 7 9 11 13 14 15 16 | 16.0
Shields        | 4 5 6 7 8 9 10 12 | 12.6
Armour         | 4 5 6 7 8 9 10 | 10.7
Fighting       | 4 5 7 9 10 12 13 | 13.3
Dodging        | 1 2 3 4 5 7 |  7.1
Stealth        | 1 2 3 |  3.6
Invocations    | |  0.4

Action                   |  1- 3 |  4- 6 |  7- 9 | 10-12 | 13-15 || total
-------------------------+-------+-------+-------+-------+-------++-------
Melee: Long sword        |    96 |    15 |       |       |       ||   111
       Headbutt          |    12 |    22 |    73 |   114 |    32 ||   253
       Scimitar          |       |    72 |   340 |   116 |       ||   528
       Demon blade       |       |       |       |   442 |   101 ||   543
Invok: Heroism           |       |       |     1 |     4 |     1 ||     6
  Use: Potion            |       |     1 |       |       |       ||     1
       Scroll            |       |     8 |     6 |    14 |       ||    28
Armor: Scale mail        |    67 |    30 |    95 |   159 |       ||   351
       Chain mail        |       |       |       |    27 |    33 ||    60
Dodge: Dodged            |    74 |    27 |   185 |   349 |    56 ||   691
Block: Buckler           |    66 |    45 |   187 |   408 |    59 ||   765
       Reflection        |       |     3 |       |     5 |       ||     8
